Unix NetHack Version 5.0.0-0 post-release - last build May 31 2026 13:37:37 (4f47d67043fb8e84071ad9bc9740482a2de5bd5e,branch:main).

Game began 2026-05-31 22:43:32, ended 2026-05-31 23:31:03.

Felix1, neutral male human Barbarian

                                                           -------
                                                           |.....|
                                     ----------------     #-.....|
                                     |..............|  ####|.....|
                        --------     |.>............|  #   --|----
                        |......|     ------.---------  #     ####
                        |......| #         #         ###        #
   ###                  |..x....##         #         #          #####
     ###               #-.x@e<.|           #         #         -----|-----
 ------.----      ######|...x..|           #      ####         |.....!.*.|
 |..........#######     --------           #      #            |%%[)%**!)|
 |.........|  ### #########`              ##      #            |(=%![%([)|
 |..........#####          #         -----.-----  #            |(%*?[()%!|
 |.........|    ######               |..........###            |)!=!/*!?(|
 |.........|         ####%%##########-.........|               -----------
 |.........|                         |"........|
 -----------                         -----------

Felix1 the Pillager        St:18 Dx:17 Co:18 In:8 Wi:8 Ch:7  Neutral
Dlvl:3  $:71 HP:0(58) Pw:12(12) AC:7  Xp:5 T:2644  Satiated

Latest messages:
 The grid bug bites!
 You get zapped!
 The grid bug bites!
 You avoid harm.
 The grid bug bites!
 You get zapped!
 The grid bug bites!
 You get zapped!
 The grid bug bites!
 You get zapped!
 The grid bug bites!
 You get zapped!
 The grid bug bites!
 You get zapped!
 The grid bug bites!
 You get zapped!
 The grid bug bites!
 You avoid harm.
 The grid bug bites!
 You avoid harm.
 The grid bug bites!
 You get zapped!
 The grid bug bites!
 You get zapped!
 The grid bug bites!
 You get zapped!
 The grid bug bites!
 You get zapped!
 The grid bug bites!
 You get zapped!
 The grid bug bites!
 You get zapped!
 The grid bug bites!
 You get zapped!
 The grid bug bites!
 You avoid harm.
 The grid bug bites!
 You get zapped!
 The grid bug bites!
 You get zapped!
 The grid bug bites!
 You get zapped!
 The grid bug bites!
 You get zapped!
 You die...
 Do you want your possessions identified? [ynq] (y) y
 Do you want to see your attributes? [ynq] (y) y
 Do you want an account of creatures vanquished? [ynaq] (y) y
 Do you want to see your conduct and achievements? [ynq] (y) y
 Do you want to see the dungeon overview? [ynq] (y) y

Inventory:
 Coins    ('$')
  $ - 71 gold pieces
 Weapons  (')')
  f - 3 +0 darts (at the ready)
  j - 8 +0 shuriken
  x - 4 blessed +2 daggers
  n - a cursed -1 dagger
  t - a +0 elven dagger
  b - a +0 axe (alternate weapon; not wielded)
  a - a +0 two-handed sword
 Armor    ('[')
  D - an uncursed +0 dwarvish cloak (being worn)
  E - an uncursed +0 dwarvish cloak (wielded)
  c - an uncursed +0 ring mail (being worn)
 Comestibles  ('%')
  k - an uncursed slime mold
  d - 2 uncursed food rations
  h - an uncursed tin of dried acid blob
 Scrolls  ('?')
  i - a blessed scroll of fire
 Potions  ('!')
  p - a blessed potion of gain ability
  o - an uncursed potion of oil
 Tools    ('(')
  u - an uncursed skeleton key
 Gems/Stones  ('*')
  F - 2 uncursed worthless pieces of yellowish brown glass

Felix1 the Barbarian's attributes:

Background:
 You were a Pillager, a level 5 male human Barbarian.
 You were neutral, on a mission for Crom
 who was opposed by Mitra (lawful) and Set (chaotic).
 You were right-handed.
 You were in the Dungeons of Doom, on level 3.
 You entered the dungeon 2644 turns ago.
 It was nighttime.
 There was a full moon in effect when your adventure ended.
 You had 228 experience points, 92 more were needed to attain level 6.

Basics:
 You had 0 out of 58 hit points.
 You had all 12 energy points (spell power).
 Your armor class was 7.
 Your wallet contained 71 zorkmids.
 Autopickup was off.

Final Characteristics:
 Your strength was 18 (limit:18/100).
 Your dexterity was 17 (peak:18, limit:18).
 Your constitution was 18 (limit:18).
 Your intelligence was 8 (limit:18).
 Your wisdom was 8 (limit:18).
 Your charisma was 7 (limit:18).

Final Status:
 You were satiated.
 You were unencumbered.
 You were wielding some armor.

Final Attributes:
 You were piously aligned.
 Your items were somewhat protected from fire.
 Your items were somewhat protected from cold.
 You were poison resistant.
 You were warded.
 You were lucky.
 You are dead.

Miscellaneous:
 You didn't encounter any bones levels.
 Total elapsed playing time was 47 minutes and 28 seconds.

Major events:
 Turn
    1: Felix1 the neutral male human Barbarian entered the dungeon
  360: attained the rank of Pillager (level 3)
 1918: entered the Gnomish Mines
 2644: killed by a grid bug, while frozen by a floating eye's gaze

You didn't know any spells.

Skills:
 Fighting Skills
   bare handed combat [Basic]
   two weapon combat  [Unskilled]
   riding             [Unskilled]
 Weapon Skills
   dagger             [Unskilled]
   axe                [Basic]
   pick-axe           [Unskilled]
   short sword        [Unskilled]
   broadsword         [Unskilled]
   long sword         [Unskilled]
   two-handed sword   [Basic]
   saber              [Unskilled]
   club               [Unskilled]
   mace               [Unskilled]
   morning star       [Unskilled]
   flail              [Unskilled]
   hammer             [Unskilled]
   quarterstaff       [Unskilled]
   spear              [Unskilled]
   trident            [Unskilled]
   bow                [Unskilled]
 Spellcasting Skills
   attack spells      [Unskilled]
   escape spells      [Unskilled]

Voluntary challenges:
 Character rerolling was not enabled.
 You were illiterate.
 You never genocided any monsters.
 You never polymorphed an object.
 You never changed form.
 You used no wishes.
Achievements:
 You attained the rank of Pillager.
 You entered a shop.
 You entered the Gnomish Mines.

 The Dungeons of Doom: levels 1 to 4
    Level 1:
       An altar.
    Level 2:
       A sink.
    Level 3: <- You were here.
       A general store.
       Final resting place for
          you, killed by a grid bug, while frozen by a floating eye's gaze.
    Level 4:
       Some fountains.
       Stairs down to The Gnomish Mines.
 The Gnomish Mines:
    Level 5:


Vanquished creatures:
  a gnome leader
  2 dwarves
  a homunculus
  6 rothes
  a giant bat
  a monkey
  5 iguanas
  3 coyotes
  2 hobbits
  a hobgoblin
  a cave spider
  6 gnomes
  a garter snake
  a gnome zombie
  a gecko
  9 jackals
  3 kobolds
  a goblin
  2 grid bugs
  a kobold zombie
  4 newts
53 creatures vanquished.

No species were genocided or became extinct.

Game over:
                       ----------
                      /          \
                     /    REST    \
                    /      IN      \
                   /     PEACE      \
                  /                  \
                  |      Felix1      |
                  |      71 Au       |
                  | killed by a grid |
                  |       bug        |
                  |                  |
                  |                  |
                  |       2026       |
                 *|     *  *  *      | *
        _________)/\\_//(\/(/\)/\//\/|_)_______

Goodbye Felix1 the Barbarian...

You died in The Dungeons of Doom on dungeon level 3 with 1176 points,
and 71 pieces of gold, after 2644 moves.
You were level 5 with a maximum of 58 hit points when you died.

